 Dungeon Crawl Stone Soup version 0.23-a0-470-g6f7cfd9 (webtiles) character file.

733 Amnesiac the Nimble (level 7, -2/38 HPs)
             Began as a Deep Elf Wanderer on Nov 26, 2018.
             Killed from afar by derval's ghost (8 damage)
             ... with a blast of sand
             ... on level 4 of the Dungeon.
             The game lasted 00:08:48 (4160 turns).

Amnesiac the Nimble (Deep Elf Wanderer)             Turns: 4160, Time: 00:08:49

Health: -2/38      AC: 10    Str: 12    XL:     7   Next: 45%
Magic:  9/9        EV: 16    Int: 16    God:
Gold:   150        SH:  0    Dex: 14    Spells: 6/6 levels left

rFire    + . .     SeeInvis .   b - +0 hand crossbow
rCold    . . .     Gourm    .   (no shield)
rNeg     + . .     Faith    .   s - +3 ring mail {rN+}
rPois    .         Spirit   .   (no helmet)
rElec    .         Reflect  .   n - +0 cloak
rCorr    .         Harm     .   (no gloves)
MR       .....                  (no boots)
Stlth    +.........             i - amulet of rage
HPRegen  0.12/turn              u - ring of protection from fire
MPRegen  0.11/turn              (no ring)

@: no status effects
A: no striking features
a: Evoke Berserk Rage


You were on level 4 of the Dungeon.
You were hungry.

You visited 1 branch of the dungeon, and saw 4 of its levels.
You also visited: Sewer.

You collected 150 gold pieces.

Inventory:

Hand Weapons
 a - a +2 mace of crushing
 b - a +0 hand crossbow (weapon)
 e - a +0 dagger
 k - a +2 dagger of distortion
 r - a +2 rapier of protection
Missiles
 c - 23 bolts (quivered)
 o - 7 arrows
Armour
 d - a +0 robe of cold resistance
 n - a +0 cloak (worn)
 s - a +3 ring mail of positive energy (worn)
Jewellery
 i - an amulet of rage (around neck)
 u - a ring of protection from fire (left hand)
Scrolls
 g - 4 scrolls of identify {!r}
 h - 3 scrolls of teleportation {!r}
 j - 2 scrolls of enchant armour {!r}
 p - a scroll of remove curse {!r}
 t - a scroll of random uselessness {!r, unknown}
 v - a scroll of magic mapping {!r, unknown}
 x - a scroll of fear {!r, unknown}
Potions
 l - 2 potions of flight {!q}
 m - 2 potions of curing {!q}
 q - a potion of heal wounds {!q}
 w - a potion of degeneration {!q, unknown}
Comestibles
 f - 3 rations


   Skills:
 - Level 1.0 Fighting
   Level 1.1 Bows
 - Level 2.0 Crossbows
 - Level 4.1 Armour
 + Level 9.5 Dodging
 - Level 2.4 Stealth


You had 6 spell levels left.
You didn't know any spells.
Your spell library was empty.

Dungeon Overview and Level Annotations

Branches:
Dungeon (4/15)
 Temple: D:4-7

Altars:

Annotations:
D:4 derval's ghost, amateur DDEE


Message History

Aim: derval's ghost (heavily damaged)
You shoot a bolt.
The bolt completely misses derval's ghost.
Derval's ghost hits you but does no damage.
Firing (i - inventory)
c - 31 bolts (quivered)
Press: ? - help, Shift-Dir - straight line, f/p - derval's ghost
Aim: derval's ghost (heavily damaged)
You shoot a bolt. The bolt hits derval's ghost.
Derval's ghost is severely damaged.
Derval's ghost hits you.
Derval's ghost hits you but does no damage.
Firing (i - inventory)
c - 30 bolts (quivered)
Press: ? - help, Shift-Dir - straight line, f/p - derval's ghost
Aim: derval's ghost (black smoke, severely damaged)
You shoot a bolt. The bolt misses derval's ghost.
Derval's ghost hits you!
* * * LOW HITPOINT WARNING * * *
Firing (i - inventory)
c - 29 bolts (quivered)
Press: ? - help, Shift-Dir - straight line, f/p - derval's ghost
Aim: derval's ghost (black smoke, severely damaged)
You shoot a bolt. The bolt hits derval's ghost!
Derval's ghost is severely damaged.
Derval's ghost hits you but does no damage.
Firing (i - inventory)
c - 28 bolts (quivered)
Press: ? - help, Shift-Dir - straight line, f/p - derval's ghost
Aim: derval's ghost (severely damaged)
You shoot a bolt.
The bolt hits derval's ghost but does no damage.
Derval's ghost is severely damaged.
Derval's ghost hits you.
* * * LOW HITPOINT WARNING * * *
Derval's ghost ripples.
Derval's ghost points at you and mumbles some strange words.
The blast of sand hits you!
Firing (i - inventory)
c - 27 bolts (quivered)
Press: ? - help, Shift-Dir - straight line, f/p - derval's ghost
Aim: derval's ghost (severely damaged)
You shoot a bolt.
The bolt hits derval's ghost but does no damage.
Derval's ghost is severely damaged.
Derval's ghost hits you but does no damage.
Firing (i - inventory)
c - 26 bolts (quivered)
Press: ? - help, Shift-Dir - straight line, f/p - derval's ghost
Aim: derval's ghost (severely damaged)
You shoot a bolt. The bolt barely misses derval's ghost.
Derval's ghost completely misses you.
Derval's ghost hits you but does no damage.
Firing (i - inventory)
c - 25 bolts (quivered)
Press: ? - help, Shift-Dir - straight line, f/p - derval's ghost
Aim: derval's ghost (severely damaged)
You shoot a bolt. The bolt hits derval's ghost.
Derval's ghost is almost destroyed.
Derval's ghost hits you!
* * * LOW HITPOINT WARNING * * *
You are too injured to fight recklessly!
You are too injured to fight recklessly!
You are too injured to fight recklessly!
You are too injured to fight recklessly!
Firing (i - inventory)
c - 24 bolts (quivered)
Press: ? - help, Shift-Dir - straight line, f/p - derval's ghost
Aim: derval's ghost (almost destroyed)
You shoot a bolt. The bolt closely misses derval's ghost.
Derval's ghost points at you and mumbles some strange words.
The blast of sand hits you!
You die...

###############
#.............#
#.............#
#.............#
##............#
##.....@.....##
#...####W'##########
#...##)..§...##....##
#...#..⌠≈#.≈###.....#
#...#.#..≈..# #.....#
##..##..$..#(##.....#
##..####≈#.####.....#
#...###########.....#
#.......#..........#####


You could see derval's ghost.

Vanquished Creatures
  Duvessa (D:4)
  2 big kobolds
  Blork the orc (D:4)
  Dowan (D:4)
  A howler monkey (D:4)
  An orc priest (D:3)
  3 orc wizards
  A worker ant (D:4)
  7 adders
  2 gnolls (D:3)
  3 river rats
  A worm (D:4)
  2 dart slugs
  4 leopard geckos
  12 orcs
  7 bats
  4 giant cockroaches
  5 goblins
  7 hobgoblins
  2 jackals (Sewer)
  6 quokkas
  2 ball pythons (D:2)
  6 frilled lizards
  7 kobolds
  A leopard gecko skeleton (D:4)
  A quokka skeleton (D:4)
  17 rats
107 creatures vanquished.

Notes
Turn   | Place    | Note
-------+----------+-------------------------------------------
     0 | D:1      | Amnesiac the Deep Elf Wanderer began the quest for the Orb.
     0 | D:1      | Amnesiac set off with the following items: a +2 scale mail,
                  | a +0 hand crossbow, 24 bolts, a potion of lignification
                  | {!q}, a +0 dagger, a ration
     0 | D:1      | Reached XP level 1. HP: 10/10 MP: 3/3
   153 | D:1      | Reached skill level 1 in Dodging
   186 | D:1      | Reached XP level 2. HP: 16/16 MP: 4/4
   248 | D:1      | Reached skill level 1 in Fighting
   554 | D:1      | Reached skill level 2 in Dodging
   865 | D:3      | Reached XP level 3. HP: 20/20 MP: 5/5
   906 | D:3      | Reached skill level 3 in Dodging
  1119 | D:3      | Reached XP level 4. HP: 11/25 MP: 6/6
  1120 | D:3      | Reached skill level 4 in Dodging
  1125 | D:3      | Reached skill level 5 in Dodging
  1246 | D:3      | Reached XP level 5. HP: 18/29 MP: 7/7
  1303 | D:3      | Found a glowing drain.
  1327 | Sewer    | Entered a sewer
  1583 | Sewer    | Reached skill level 6 in Dodging
  1649 | Sewer    | Found a white marble altar of Elyvilon.
  1791 | D:3      | Reached XP level 6. HP: 34/34 MP: 8/8
  2108 | D:4      | Reached skill level 7 in Dodging
  2134 | D:4      | Noticed Duvessa
  2136 | D:4      | Noticed Dowan
  3426 | D:4      | Killed Duvessa
  3426 | D:4      | Reached skill level 8 in Dodging
  3446 | D:4      | Killed Dowan
  3532 | D:4      | Reached XP level 7. HP: 32/38 MP: 9/9
  3764 | D:4      | Reached skill level 9 in Dodging
  3952 | D:4      | Found a large runed door.
  3952 | D:4      | Found a large runed door.
  3962 | D:4      | Noticed derval's ghost (amateur DDEE)
  4033 | D:4      | Noticed Blork the orc
  4046 | D:4      | Killed Blork the orc
  4160 | D:4      | Killed from afar by derval's ghost

Vault maps used:
D:1:      dpeg_arrival_rooms_with_view, st_stairs_8, minmay_tromino_v4_c
D:2:      minivault_27
D:3:      wad_woods_tower, gup_sewer_entry_bubbles, minmay_between
D:4:      ebering_ghost_disaster_area, uniq_duvessa, uniq_blork_the_orc
Sewer:    sewer_kobolds

Skill      XL: |  1  2  3  4  5  6  7 |
---------------+----------------------+-----
Crossbows      | 2 |  2.0
Dodging        | 1 2 3 5 6 8 9 |  9.5
Fighting       | 1 |  1.0
Bows           | |  1.1
Armour         | |  4.1
Stealth        | |  2.4

Action                   |  1- 3 |  4- 6 |  7- 9 || total
-------------------------+-------+-------+-------++-------
Melee: Mace              |    16 |    24 |       ||    40
       Rapier            |       |   100 |       ||   100
 Fire: Hand crossbow     |    75 |    94 |    79 ||   248
  Use: Potion            |     3 |     2 |       ||     5
       Scroll            |       |     5 |       ||     5
  Eat: Chunk             |     1 |     8 |     1 ||    10
Armor: Scale mail        |    21 |    66 |       ||    87
       Skin              |     4 |    33 |       ||    37
       Ring mail         |       |     6 |    28 ||    34
Dodge: Dodged            |    24 |   123 |    41 ||   188

Table legend:
 A = Non-vault XP
 B = Vault XP
 C = Vault XP percentage of total XP
 D = Non-vault monster count
 E = Vault monster count
 F = Vault count percentage of total count
                 A         B        C        D         E       F
            +---------+---------+-------+---------+---------+-------
      Total |     510 |     538 |  51.3 |      70 |      37 |  34.6
            +---------+---------+-------+---------+---------+-------
        D:1 |      21 |       9 |  30.0 |      14 |       5 |  26.3
        D:2 |      35 |       0 |   0.0 |      13 |       0 |   0.0
        D:3 |     199 |      82 |  29.2 |      25 |      18 |  41.9
        D:4 |     255 |     306 |  54.5 |      18 |       3 |  14.3
      Sewer |       0 |     141 | 100.0 |       0 |      11 | 100.0
            +---------+---------+-------+---------+---------+-------
